AoeStats
← Leda

Arabia

509346512Analyzed
2v2 RM · 7d ago on Sep 26, 2026· 37m 33s· 4 players
Game mode
Random Map
Map size
Medium (4 player)
Population
200
Speed
Normal
Resources
Standard
Victory
Conquest
Starting age
Dark Age
Ending age
Imperial Age
RankedLock teamsTeams togetherTeam positionsShared explorationLock speedFull tech treeHidden civsTurbo modeCheats
Victory
Defeat
🇲🇽 Danes · Mexico
1082
+13
🇲🇽 Magyars · Mexico
1066
+14
🇦🇷 Inca · Argentina
1047
-14
🇨🇿 Maya · Czechia
1000
-40
Lauchabtz
10:32 Feudal Age
9:06 Loom
11:03 Double-Bit Axe
10:59 Horse Collar
18:13 Castle Age
17:41 Wheelbarrow
19:07 Pikeman
20:47 Scale Mail Armor
20:59 Champi Runner
24:04 Forging
Leda
1:20 Loom
12:06 Feudal Age
Yi long Ma
3:13 Loom
10:34 Feudal Age
11:34 Double-Bit Axe
20:31 Castle Age
18:23 Horse Collar
19:28 Scale Barding Armor
20:58 Light Cavalry
22:09 Chain Barding Armor
23:22 Bloodlines
28:22 Wheelbarrow
32:20 Bow Saw
37:51 Imperial Age
35:39 Hand Cart
35:43 Husbandry
Profesor_Caos
7:26 Loom
9:34 Feudal Age
10:12 Double-Bit Axe
10:10 Horse Collar
20:15 Castle Age
18:44 Fletching
19:47 Padded Archer Armor
22:33 Bloodlines
23:17 Bodkin Arrow
24:40 Leather Archer Armor
24:38 Elite Skirmisher
27:20 Wheelbarrow
26:32 Town Watch
27:59 Thumb Ring
28:47 Hand Cart
35:57 Imperial Age
34:18 Heavy Plow
34:09 Stone Mining
34:10 Gold Mining
35:00 Masonry
36:40 Husbandry
36:28 Cranequins
36:29 Heavy Mounted Crossbowman
37:20 Bracer
38:21 Ring Archer Armor
38:15 Ballistics
Connection lost

Rejoining the realm…

Still unreachable

The connection could not be restored.

Session expired

The server has moved on; the page needs a fresh start.